 Dungeon Crawl Stone Soup version 0.29-a0-451-gfbfa42419e (webtiles) character file.

Game seed: 6768147977480288622

56 acebull12 the Poker (level 3, -2/27 HPs)
             Began as a Demonspawn Gladiator on May 19, 2022.
             Was a Follower of Trog.
             Slain by Sigmund
             ... wielding a +7 scythe of protection
              (12 damage)
             ... on level 2 of the Dungeon.
             The game lasted 00:02:11 (1029 turns).

acebull12 the Poker (Demonspawn Gladiator)          Turns: 1029, Time: 00:02:12

Health: -2/27      AC:  4    Str: 16    XL:     3   Next: 71%
Magic:  3/3        EV: 12    Int:  9    God:    Trog [*.....]
Gold:   53         SH:  0    Dex: 14    Spells: 2/2 levels left

rFire   . . .      SeeInvis .   a - +0 trident
rCold   . . .      Faith    .   (no shield)
rNeg    . . .      Spirit   .   b - +0 leather armour
rPois   .          Reflect  .   c - +0 helmet
rElec   .          Harm     .   (no cloak)
rCorr   .          Rampage  .   (no gloves)
Will    .....                   (no boots)
Stlth   +.........              (no amulet)
HPRegen 0.09/turn               (no ring)
MPRegen 0.08/turn               (no ring)

@: no status effects
A: hooves 1, foul stench 1
a: Renounce Religion, Berserk


You were on level 2 of the Dungeon.
You worshipped Trog.
Trog was aware of your devotion.
You visited 1 branch of the dungeon, and saw 2 of its levels.

You collected 53 gold pieces.

Inventory:

Hand Weapons
 a - a +0 trident (weapon)
Missiles
 d - 3 throwing nets (quivered)
 e - a javelin
Armour
 b - a +0 leather armour (worn)
 c - a +0 helmet (worn)
Jewellery
 g - an amulet of faith
Scrolls
 j - a scroll of teleportation {unknown}
 k - a scroll of identify {unknown}
Potions
 f - 2 potions of heal wounds {unknown}
 h - a potion of invisibility {unknown}
 i - 2 potions of brilliance {unknown}


   Skills:
 + Level 2.2 Fighting
 + Level 3.7 Polearms
 + Level 1.8 Throwing
 + Level 0.4 Armour
 + Level 3.1 Dodging
 + Level 0.2 Stealth


You had 2 spell levels left.
You didn't know any spells.
Your spell library was empty.

Dungeon Overview and Level Annotations

Branches:
Dungeon (2/15)

Altars:
Trog

Annotations:
D:2 Sigmund


Innate Abilities, Weirdness & Mutations

You have large cloven feet.
You may rarely emit foul miasma when damaged in melee.


Message History

The adder bites you but does no damage.
You closely miss the adder. Your kick misses the adder.
The adder is severely wounded.
The adder is engulfed in dark miasma.
The adder looks even sicker.
The adder seems to slow down.
You kill the adder!
Trog accepts your kill.
No target in view!
HP restored.
There is a stone staircase leading down here.
A rat comes into view.
A rat is nearby!
You barely miss the rat. Your kick misses the rat. The rat closely misses you.
You barely miss the rat. The rat misses you.
You hit the rat but do no damage. The rat barely misses you.
You barely miss the rat. You kick the rat.
The rat is severely wounded.
The rat bites you but does no damage. x2
You barely miss the rat. You kick the rat.
You kill the rat!
Trog accepts your kill.
No target in view!
Sigmund the Dreaded comes into view.
He is wielding a +7 scythe of protection.
Sigmund shouts!
You reach to attack!
You hit Sigmund but do no damage.
Sigmund hits you from afar with a +7 scythe of protection.
You reach to attack!
You hit Sigmund.
Sigmund is moderately wounded.
You reach to attack!
You puncture Sigmund!
Sigmund is heavily wounded.
Sigmund hits you from afar with a +7 scythe of protection.
You reach to attack!
You hit Sigmund but do no damage.
Sigmund is heavily wounded.
Sigmund hits you from afar with a +7 scythe of protection!
You are too injured to fight recklessly!
You are too injured to fight recklessly!
You are too injured to fight recklessly!
You are too injured to fight recklessly!
Sigmund hits you with a +7 scythe of protection!
You die...

####.##########
.......# #...
.......# #..#
####.#.# #..#
.....#.# #..#
.....#.########..##
♣♣................#
....#..#######..@.#
....#..........#@.#
.......#######....#
.......# ##.#.#
.......# #.#.#
#...##.# #.#..
##.###.# #.####
##.# #.# #.# ##.#
#.########.# ##.#
#.##.......#


You could see Sigmund.

Vanquished Creatures
  An adder (D:2)
  A dart slug (D:1)
  4 ball pythons
  4 bats
  5 endoplasms (D:1)
  2 giant cockroaches (D:1)
  6 goblins
  3 hobgoblins
  4 jackals (D:1)
  2 kobolds (D:2)
  2 quokkas (D:1)
  2 frilled lizards (D:1)
  2 rats (D:2)
38 creatures vanquished.

Notes
Turn   | Place    | Note
-------+----------+-------------------------------------------
     0 | D:1      | acebull12 the Demonspawn Gladiator began the quest for the
                  | Orb.
     0 | D:1      | Reached XP level 1. HP: 16/16 MP: 1/1
    46 | D:1      | Gained mutation: You may rarely emit foul miasma when
                  | damaged in melee. [demonic ancestry]
    46 | D:1      | Reached XP level 2. HP: 22/22 MP: 2/2
   436 | D:1      | Found a faded altar of an unknown god.
   504 | D:1      | Gained mutation: You have large cloven feet. [demonic
                  | ancestry]
   504 | D:1      | Reached XP level 3. HP: 27/27 MP: 3/3
   777 | D:1      | Prayed at the altar of an unknown god.
   777 | D:1      | Became a worshipper of Trog the Wrathful
   777 | D:1      | Reached * piety under Trog
  1024 | D:2      | Noticed Sigmund
  1029 | D:2      | Slain by Sigmund

Illustrated notes

Levels and vault maps discovered:
D:1:      lightli_arrival_statue_moat, layout_rooms, basic_ecumenical_altar
D:2:      layout_loops_ring, chequers_garden, minmay_misc_feat_tower,
          uniq_sigmund, uniq_terence

Skill      XL: |  1  2 |
---------------+-------+-----
Polearms       | 3 |  3.7
Dodging        | 3 |  3.1
Fighting       | |  2.2
Throwing       | |  1.8
Armour         | |  0.4
Stealth        | |  0.2

Action                   || total
-------------------------++-------
Melee: Trident           ||   117
       Kick              ||     8
 Stab: Sleeping          ||     2
       Distracted        ||     1
Armor: Leather armour    ||    35
Dodge: Dodged            ||    77

Table legend: (Time is in decaauts)
 A = Elapsed time spent in this place.
 B = Non-inter-level travel time spent in this place.
 C = Inter-level travel time spent in this place.
 D = Time resting spent in this place.
 E = Time spent auto-exploring this place.
 F = Levels seen in this place.
 G = Mean time per level.
                   A        B        C        D        E       F      G
               +--------+--------+--------+--------+--------+-----+--------+
         Total |   1045 |   1021 |     24 |    217 |    558 |   2 |  522.5 |
       Dungeon |   1045 |   1021 |     24 |    217 |    558 |   2 |  522.5 |
               +--------+--------+--------+--------+--------+-----+--------+

Top non-repeatable levels by time:
     D:1: 797 daAuts
     D:2: 248 daAuts
